| TOP OF THE 1ST |
|
Columbia Fireflies batting - Pitching for Altoona Curve : RHP Eric Bourque
|
|
Pitching: RHP Eric Bourque
|
|
|
Batting: SHB Detlef Oursler
|
0-0: Ball 1-0: Bunt missed! 1-1: Foul Ball, location: 2F 1-2: Fly out, F7 (Flyball, 78D, EV 88.8 MPH)
|
|
Batting: LHB Dan Bremseth
|
0-0: Ball 1-0: Fly out, F8 (Flyball, 78S, EV 95.6 MPH)
|
|
Batting: RHB Nate Henderson
|
0-0: Ball 1-0: Swinging Strike 1-1: Foul Ball, location: 2F 1-2: Foul Ball, location: 2F 1-2: Strikes out swinging
|
| Top of the 1st over - 0 runs, 0 hits, 0 errors, 0 left on base; Columbia 0 - Altoona 0 |
| BOTTOM OF THE 1ST |
|
Altoona Curve batting - Pitching for Columbia Fireflies : RHP Bryan Dorne
|
|
Pitching: RHP Bryan Dorne
|
|
|
Batting: RHB Melvin Durland
|
0-0: Foul Ball, location: 2F 0-1: Bunt missed! 0-2: Ball 1-2: Strikes out swinging
|
|
Batting: RHB Alex Arzate
|
0-0: Called Strike 0-1: Called Strike 0-2: Ball 1-2: Strikes out swinging
|
|
Batting: LHB Josh Aerni
|
0-0: DOUBLE (Line Drive, 9LS, EV 110.0 MPH)
|
|
Batting: RHB Brandon White
|
0-0: Swinging Strike 0-1: Called Strike 0-2: Strikes out looking
|
| Bottom of the 1st over - 0 runs, 1 hit, 0 errors, 1 left on base; Columbia 0 - Altoona 0 |
| TOP OF THE 2ND |
|
Columbia Fireflies batting - Pitching for Altoona Curve : RHP Eric Bourque
|
|
Batting: LHB Tony Leyba
|
0-0: Foul Ball, location: 2F 0-1: Ball 1-1: DOUBLE (Line Drive, 7LM, EV 105.6 MPH)
|
|
Batting: LHB Bayesa Mundhir
|
0-0: Swinging Strike 0-1: Swinging Strike 0-2: Foul Ball, location: 2F 0-2: Fly out, F9 (Flyball, 89M, EV 80.6 MPH)
|
|
Batting: SHB Jerry Burrows
|
0-0: Swinging Strike 0-1: Ball 1-1: Ball 2-1: Called Strike 2-2: Foul Ball, location: 2F 2-2: Strikes out swinging
|
|
Batting: RHB Larry Shoop
|
0-0: Ball 1-0: Ball Passed Ball! Tony Leyba to third 2-0: Fly out, F9 (Flyball, 89S, EV 83.8 MPH)
|
| Top of the 2nd over - 0 runs, 1 hit, 0 errors, 1 left on base; Columbia 0 - Altoona 0 |
| BOTTOM OF THE 2ND |
|
Altoona Curve batting - Pitching for Columbia Fireflies : RHP Bryan Dorne
|
|
Batting: LHB Joe Wise
|
0-0: Ground out 4-3 (Groundball, 4, EV 83.1 MPH)
|
|
Batting: RHB Steve Terres
|
0-0: Ball 1-0: Swinging Strike 1-1: SINGLE (Line Drive, 4D, EV 106.2 MPH)
|
|
Batting: LHB Mike Handrahan
|
0-0: Called Strike 0-1: Ball 1-1: Called Strike 1-2: Ball 2-2: Strikes out swinging
|
|
Batting: LHB Rogelio Nunez
|
0-0: Ball 1-0: Ball 2-0: SINGLE (Groundball, 34D, EV 95.6 MPH) Steve Terres to second Runner from 2nd tries for 3rd, OUT! 9-5
|
| Bottom of the 2nd over - 0 runs, 2 hits, 0 errors, 1 left on base; Columbia 0 - Altoona 0 |
| TOP OF THE 3RD |
|
Columbia Fireflies batting - Pitching for Altoona Curve : RHP Eric Bourque
|
|
Batting: RHB Gary Hills
|
0-0: Ball 1-0: Swinging Strike 1-1: Ball 2-1: Ground out 4-3 (Groundball, 4, EV 85.6 MPH)
|
|
Batting: SHB Jason Evans
|
0-0: Ball 1-0: Swinging Strike 1-1: Swinging Strike 1-2: Strikes out swinging
|
|
Batting: SHB Detlef Oursler
|
0-0: Ball 1-0: Swinging Strike 1-1: Ball 2-1: Called Strike 2-2: Foul Ball, location: 2F 2-2: Ball 3-2: Foul Ball, location: 2F 3-2: Strikes out swinging
|
| Top of the 3rd over - 0 runs, 0 hits, 0 errors, 0 left on base; Columbia 0 - Altoona 0 |
| BOTTOM OF THE 3RD |
|
Altoona Curve batting - Pitching for Columbia Fireflies : RHP Bryan Dorne
|
|
Batting: RHB Terrence Wilson
|
0-0: Fly out, F7 (Line Drive, 7, EV 83.8 MPH)
|
|
Batting: RHB Melvin Durland
|
0-0: Ball 1-0: SINGLE (Groundball, 4D, EV 95.0 MPH)
|
|
Batting: RHB Alex Arzate
|
0-0: Called Strike Melvin Durland steals 2nd base (no throw) 0-1: Ground out 5-3 (Groundball, 5S, EV 65.6 MPH) Melvin Durland to third
|
|
Batting: LHB Josh Aerni
|
0-0: Called Strike 0-1: Called Strike 0-2: Ball 1-2: Ball 2-2: Ball 3-2: Strikes out looking
|
| Bottom of the 3rd over - 0 runs, 1 hit, 0 errors, 1 left on base; Columbia 0 - Altoona 0 |
| TOP OF THE 4TH |
|
Columbia Fireflies batting - Pitching for Altoona Curve : RHP Eric Bourque
|
|
Batting: LHB Dan Bremseth
|
0-0: Fly out, F8 (Flyball, 78M, EV 91.2 MPH)
|
|
Batting: RHB Nate Henderson
|
0-0: Called Strike 0-1: Ball 1-1: Ball 2-1: Fly out, F3 (Popup, 34S, EV 68.1 MPH)
|
|
Batting: LHB Tony Leyba
|
0-0: Called Strike 0-1: Ball 1-1: Swinging Strike 1-2: Strikes out swinging
|
| Top of the 4th over - 0 runs, 0 hits, 0 errors, 0 left on base; Columbia 0 - Altoona 0 |
| BOTTOM OF THE 4TH |
|
Altoona Curve batting - Pitching for Columbia Fireflies : RHP Bryan Dorne
|
|
Batting: RHB Brandon White
|
0-0: Called Strike 0-1: Ball 1-1: Ball 2-1: Called Strike 2-2: Ground out 5-3 (Groundball, 56, EV 81.9 MPH)
|
|
Batting: LHB Joe Wise
|
0-0: SINGLE (Groundball, 4MD, EV 98.8 MPH)
|
|
Batting: RHB Steve Terres
|
0-0: Called Strike 0-1: Ball 1-1: Foul Ball, location: 2F 1-2: Ball 2-2: SINGLE (Line Drive, 6M, EV 93.8 MPH) Joe Wise to second
|
|
Batting: LHB Mike Handrahan
|
0-0: Foul Ball, location: 2F 0-1: Foul Ball, location: 2F 0-2: Ball 1-2: Foul Ball, location: 2F 1-2: Ball 2-2: Foul Ball, location: 2F 2-2: Foul Ball, location: 2F 2-2: Strikes out looking
|
|
Batting: LHB Rogelio Nunez
|
0-0: Swinging Strike 0-1: Ball 1-1: Foul Ball, location: 2F 1-2: Ball Wild Pitch! Joe Wise to third Steve Terres to second 2-2: Ground out U3 (Groundball, 3S, EV 84.4 MPH)
|
| Bottom of the 4th over - 0 runs, 2 hits, 0 errors, 2 left on base; Columbia 0 - Altoona 0 |
| TOP OF THE 5TH |
|
Columbia Fireflies batting - Pitching for Altoona Curve : RHP Eric Bourque
|
|
Batting: LHB Bayesa Mundhir
|
0-0: Ground out 4-3 (Groundball, 4S, EV 86.2 MPH)
|
|
Batting: SHB Jerry Burrows
|
0-0: Called Strike 0-1: Ball 1-1: Ball 2-1: SINGLE (Flyball, 7LS, EV 88.1 MPH)
|
|
Batting: RHB Larry Shoop
|
0-0: Called Strike 0-1: Foul Ball, location: 2F 0-2: Fly out, F9 (Flyball, 89XD, EV 98.8 MPH)
|
|
Batting: RHB Gary Hills
|
0-0: Ball 1-0: Foul Ball, location: 2F 1-1: Ball 2-1: Swinging Strike 2-2: Fly out, F9 (Flyball, 9, EV 83.1 MPH)
|
| Top of the 5th over - 0 runs, 1 hit, 0 errors, 1 left on base; Columbia 0 - Altoona 0 |
| BOTTOM OF THE 5TH |
|
Altoona Curve batting - Pitching for Columbia Fireflies : RHP Bryan Dorne
|
|
Batting: RHB Terrence Wilson
|
0-0: Ball 1-0: Called Strike 1-1: Ground out 5-3 (Groundball, 56, EV 101.2 MPH)
|
|
Batting: RHB Melvin Durland
|
0-0: Ball 1-0: DOUBLE (Line Drive, 9LM, EV 99.4 MPH)
|
|
Batting: RHB Alex Arzate
|
0-0: Ball 1-0: Called Strike 1-1: Foul Ball, location: 2F 1-2: Foul Ball, location: 2F 1-2: Strikes out swinging
|
|
Batting: LHB Josh Aerni
|
0-0: Called Strike 0-1: Foul Ball, location: 2F 0-2: Foul Ball, location: 2F 0-2: Ball 1-2: Foul Ball, location: 2F 1-2: Ground out 6-3 (Groundball, 6, EV 91.9 MPH)
|
| Bottom of the 5th over - 0 runs, 1 hit, 0 errors, 1 left on base; Columbia 0 - Altoona 0 |
| TOP OF THE 6TH |
|
Columbia Fireflies batting - Pitching for Altoona Curve : RHP Eric Bourque
|
|
Batting: SHB Jason Evans
|
0-0: DOUBLE (Groundball, 3L, EV 104.4 MPH)
|
|
Batting: SHB Detlef Oursler
|
0-0: Ball 1-0: Ball 2-0: Called Strike 2-1: Ball 3-1: Called Strike 3-2: Fly out, F9 (Flyball, 9S, EV 85.6 MPH)
|
|
Batting: LHB Dan Bremseth
|
0-0: Ground out 4-3 (Groundball, 4, EV 79.4 MPH) Jason Evans to third
|
|
Batting: RHB Nate Henderson
|
0-0: Called Strike 0-1: Ball 1-1: Ball 2-1: SINGLE (Groundball, 6MD, EV 109.4 MPH) Jason Evans scores
|
|
Batting: LHB Tony Leyba
|
0-0: Ball 1-0: Ball 2-0: Foul Ball, location: 2F 2-1: Called Strike 2-2: Strikes out swinging
|
| Top of the 6th over - 1 run, 2 hits, 0 errors, 1 left on base; Columbia 1 - Altoona 0 |
| BOTTOM OF THE 6TH |
|
Altoona Curve batting - Pitching for Columbia Fireflies : RHP Bryan Dorne
|
|
Batting: RHB Brandon White
|
0-0: Foul Ball, location: 2F 0-1: Ground out 6-3 (Groundball, 6, EV 110.0 MPH)
|
|
Batting: LHB Joe Wise
|
0-0: Ball 1-0: Ball 2-0: Ball 3-0: Called Strike 3-1: SINGLE (Groundball, 34D, EV 105.0 MPH)
|
|
Batting: RHB Steve Terres
|
0-0: Ball 1-0: Foul Ball, location: 2F 1-1: Foul Ball, location: 2F 1-2: Foul Ball, location: 2F 1-2: Ball 2-2: Ball 3-2: Base on Balls Joe Wise to second
|
|
Batting: LHB Mike Handrahan
|
0-0: Called Strike 0-1: Ball 1-1: Called Strike 1-2: Ball 2-2: Ball 3-2: Strikes out looking
|
|
Batting: LHB Rogelio Nunez
|
0-0: Swinging Strike 0-1: Ball 1-1: Ball 2-1: Swinging Strike 2-2: Strikes out looking
|
| Bottom of the 6th over - 0 runs, 1 hit, 0 errors, 2 left on base; Columbia 1 - Altoona 0 |
| TOP OF THE 7TH |
|
Columbia Fireflies batting - Pitching for Altoona Curve : RHP Eric Bourque
|
|
Batting: LHB Bayesa Mundhir
|
0-0: Fly out, F8 (Line Drive, 8LS, EV 95.6 MPH)
|
|
Batting: SHB Jerry Burrows
|
0-0: Called Strike 0-1: SINGLE (Line Drive, 4D, EV 100.0 MPH)
|
|
Batting: RHB Larry Shoop
|
0-0: Ball 1-0: Ball 2-0: Foul Ball, location: 2F 2-1: Foul Ball, location: 2F 2-2: Foul Ball, location: 2F 2-2: Foul Ball, location: 2F 2-2: Ball 3-2: Foul Ball, location: 2F 3-2: Base on Balls Jerry Burrows to second
|
|
Batting: RHB Gary Hills
|
0-0: Foul Ball, location: 2F 0-1: Ball 1-1: Ball 2-1: Swinging Strike 2-2: Strikes out looking
|
|
Batting: SHB Jason Evans
|
0-0: SINGLE (Groundball, 3D, EV 102.5 MPH) Jerry Burrows to third Larry Shoop to second Runner from 3rd tries for Home, SAFE, throw by RF to home
|
|
Batting: SHB Detlef Oursler
|
0-0: Ball 1-0: Foul Ball, location: 2F 1-1: Called Strike 1-2: Ball 2-2: Strikes out looking
|
| Top of the 7th over - 1 run, 2 hits, 0 errors, 2 left on base; Columbia 2 - Altoona 0 |
| BOTTOM OF THE 7TH |
|
Altoona Curve batting - Pitching for Columbia Fireflies : RHP Bryan Dorne
|
|
Batting: RHB Terrence Wilson
|
0-0: Fly out, F8 (Flyball, 8LD, EV 109.4 MPH)
|
|
Batting: RHB Melvin Durland
|
0-0: Ball 1-0: Swinging Strike 1-1: Fly out, F9 (Flyball, 9, EV 90.0 MPH)
|
|
Batting: RHB Alex Arzate
|
0-0: Called Strike 0-1: Ball 1-1: Called Strike 1-2: Ball 2-2: Strikes out swinging
|
| Bottom of the 7th over - 0 runs, 0 hits, 0 errors, 0 left on base; Columbia 2 - Altoona 0 |
| TOP OF THE 8TH |
|
Columbia Fireflies batting - Pitching for Altoona Curve : RHP Eric Bourque
|
|
Pitching: LHP Mike Alcaraz
|
|
|
Batting: LHB Dan Bremseth
|
0-0: Called Strike 0-1: Ball 1-1: SINGLE (Line Drive, 6D, EV 108.1 MPH)
|
|
Batting: RHB Nate Henderson
|
0-0: Ball 1-0: SINGLE (Groundball, 34S, EV 61.9 MPH) (infield hit) Dan Bremseth to second
|
|
Batting: LHB Tony Leyba
|
0-0: Ball 1-0: Foul Ball, location: 2F 1-1: Foul Ball, location: 2F 1-2: Foul Ball, location: 2F 1-2: Ball 2-2: Ball 3-2: Foul Ball, location: 2F 3-2: Foul Ball, location: 2F 3-2: Strikes out swinging
|
|
Batting: LHB Bayesa Mundhir
|
0-0: Ball 1-0: Foul Ball, location: 2F 1-1: Fly out, F7 (Line Drive, 7D, EV 83.8 MPH)
|
|
Batting: SHB Jerry Burrows
|
0-0: Foul Ball, location: 2F 0-1: Ground out U3 (Groundball, 34, EV 86.2 MPH)
|
| Top of the 8th over - 0 runs, 2 hits, 0 errors, 2 left on base; Columbia 2 - Altoona 0 |
| BOTTOM OF THE 8TH |
|
Altoona Curve batting - Pitching for Columbia Fireflies : RHP Bryan Dorne
|
|
Pitching: RHP Justin Wilkins
|
|
|
Batting: LHB Josh Aerni
|
0-0: Fly out, F9 (Line Drive, 9, EV 99.4 MPH)
|
|
Batting: RHB Brandon White
|
0-0: Fly out, F7 (Flyball, 7, EV 93.8 MPH)
|
|
Batting: LHB Joe Wise
|
0-0: Ball 1-0: Ball 2-0: Ball 3-0: Base on Balls
|
|
Batting: RHB Steve Terres
|
0-0: Called Strike 0-1: Ball 1-1: Ground out 4-3 (Groundball, 34S, EV 86.2 MPH)
|
| Bottom of the 8th over - 0 runs, 0 hits, 0 errors, 1 left on base; Columbia 2 - Altoona 0 |
| TOP OF THE 9TH |
|
Columbia Fireflies batting - Pitching for Altoona Curve : LHP Mike Alcaraz
|
|
Pitching: RHP Joe Simanton
|
|
|
Batting: RHB Larry Shoop
|
0-0: Ground out 4-3 (Groundball, P, EV 83.8 MPH)
|
|
Batting: RHB Gary Hills
|
0-0: Ball 1-0: Ground out 3-1 (Groundball, 34S, EV 85.0 MPH)
|
|
Batting: SHB Jason Evans
|
0-0: Ball 1-0: Fly out, F7 (Flyball, 7LM, EV 88.1 MPH)
|
| Top of the 9th over - 0 runs, 0 hits, 0 errors, 0 left on base; Columbia 2 - Altoona 0 |
| BOTTOM OF THE 9TH |
|
Altoona Curve batting - Pitching for Columbia Fireflies : RHP Justin Wilkins
|
|
Pitching: RHP Tyler Lybrand
|
|
|
Now at 1B: Masaya Nakamura
|
|
|
Batting: LHB Mike Handrahan
|
0-0: Called Strike 0-1: Ball 1-1: Swinging Strike 1-2: Ball 2-2: Ball 3-2: Fly out, F8 (Flyball, 8LXD, EV 86.2 MPH)
|
|
Batting: LHB Rogelio Nunez
|
0-0: TRIPLE (Flyball, 78XD, EV 103.8 MPH)
|
|
Pitching: RHP Jose Esquibel
|
|
|
Pinch Hitting: SHB Ronnie Brooks
|
0-0: Called Strike 0-1: Called Strike 0-2: Strikes out swinging
|
|
Batting: RHB Melvin Durland
|
0-0: Swinging Strike 0-1: Ball 1-1: Ball 2-1: Foul Ball, location: 2F 2-2: Ground out 6-3 (Groundball, 6, EV 103.8 MPH)
|
| Bottom of the 9th over - 0 runs, 1 hit, 0 errors, 1 left on base; Columbia 2 - Altoona 0 |
|